 Dungeon Crawl Stone Soup version 0.24.0-125-gc4c63601f3 (webtiles) character file.

Game seed: 7402114055317565368, levelgen mode: deterministic

6432 Lemonice the Summoner (level 10, -10/77 HPs)
             Began as a Barachi Summoner on Feb 20, 2020.
             Was a High Priest of Cheibriados.
             Splashed by a kobold's acid (11 damage)
             ... on level 9 of the Dungeon.
             The game lasted 00:55:43 (11985 turns).

Lemonice the Summoner (Barachi Summoner)           Turns: 11985, Time: 00:56:13

Health: -10/77     AC:  5    Str: 20    XL:     10   Next: 99%
Magic:  17/19      EV: 18    Int: 35    God:    Cheibriados [*****.]
Gold:   501        SH:  0    Dex: 26    Spells: 0/21 levels left

rFire    . . .     SeeInvis .   r - +9 club
rCold    . . .     Gourm    .   (no shield)
rNeg     + . .     Faith    .   k - +2 robe {rN+}
rPois    .         Spirit   .   f - +0 helmet
rElec    .         Reflect  .   (no cloak)
rCorr    .         Harm     .   (no gloves)
MR       .....                  (no boots)
Stlth    ++++......             (no amulet)
HPRegen  0.22/turn              K - +5 ring of intelligence
MPRegen  0.16/turn              s - ring "Wemmoh" {Dex+2 Stlth+}

@: very slow
A: +LOS, swims, slowness 1, strong legs 1
a: Hop, Bend Time, Temporal Distortion, Slouch, Step From Time, Renounce
Religion


You were on level 9 of the Dungeon.
You worshipped Cheibriados.
Cheibriados was extremely pleased with you.
You were not hungry.

You visited 2 branches of the dungeon, and saw 10 of its levels.
You also visited: Bailey.

You collected 501 gold pieces.

Inventory:

Hand Weapons
 e - a +2 hunting sling of flaming
 r - a +9 club (weapon)
 M - a +4 halberd
 O - a +3 great sword of freezing
Missiles
 g - 179 stones (quivered)
 t - 5 throwing nets
Armour
 f - a +0 helmet (worn)
 i - a +1 leather armour of fire resistance
 k - a +2 robe of positive energy (worn)
Jewellery
 n - an uncursed ring of ice
 s - the ring "Wemmoh" (right hand) {Dex+2 Stlth+}
   (You found it on level 4 of the Dungeon)

   [ring of stealth]

   It affects your dexterity (+2).
   It makes you more stealthy.
 v - an uncursed ring of see invisible
 y - an uncursed ring of protection from cold
 A - a +5 ring of evasion
 D - an uncursed ring of protection from magic
 K - a +5 ring of intelligence (left hand)
 L - a +3 amulet of reflection {unknown}
Wands
 a - a wand of polymorph (8)
 b - a wand of iceblast (7)
 p - a wand of flame (35)
 B - a wand of disintegration (13)
Scrolls
 d - 3 scrolls of amnesia
 m - 4 scrolls of teleportation
 o - 2 scrolls of brand weapon
 q - 2 scrolls of fog
 u - a scroll of enchant armour
 w - 2 scrolls of remove curse
 x - 2 scrolls of enchant weapon
 C - a scroll of immolation {unknown}
 E - a scroll of identify
 I - a scroll of acquirement {unknown}
 N - a scroll of magic mapping {unknown}
Potions
 h - 2 potions of agility
 j - 3 potions of heal wounds
 l - 4 potions of flight
 z - a potion of invisibility {unknown}
 F - a potion of magic {unknown}
 G - a potion of might {unknown}
 H - 2 potions of curing
 J - a potion of experience {unknown}
Comestibles
 c - 16 rations


   Skills:
 - Level 6.5 Fighting
 - Level 2.0 Maces & Flails
 - Level 3.1 Slings
 - Level 2.0 Armour
 - Level 6.5 Dodging
 - Level 1.7 Stealth
 - Level 6.0 Spellcasting
 - Level 7.1 Hexes
 - Level 8.4 Summonings
 - Level 4.0 Ice Magic
 * Level 3.8 Earth Magic
 - Level 6.0 Invocations


You couldn't memorise any spells.
You knew the following spells:

 Your Spells              Type           Power        Failure   Level  Hunger
a - Summon Small Mammal   Summ           ####         1%          1    None
b - Call Imp              Summ           ######..     1%          2    None
c - Call Canine Familiar  Summ           ######..     1%          3    None
d - Corona                Hex            ######.      1%          1    None
e - Summon Ice Beast      Ice/Summ       ######..     3%          4    ##.....
f - Confuse               Hex            ######..     1%          3    None
g - Passwall              Tmut/Erth      ###.....     2%          2    None
h - Lee's Rapid Deconstr  Erth           #####.....   22%         5    ####...

Your spell library contained the following spells:

 Spells                   Type           Power        Failure   Level  Hunger
 Sandblast                Erth           #####.       1%          1    None
 Ensorcelled Hibernation  Hex/Ice        #####.       1%          2    None
 Summon Guardian Golem    Hex/Summ       ######..     1%          3    None
 Tukima's Dance           Hex            ######..     1%          3    None
 Dazzling Spray           Conj/Hex       #####.       2%          3    None
 Stone Arrow              Conj/Erth      ###...       5%          3    None
 Summon Lightning Spire   Summ/Air       #####...     7%          4    ##.....
 Petrify                  Tmut/Erth      ###.....     17%         4    ##.....


Dungeon Overview and Level Annotations

Branches:
Dungeon (9/15)             Temple (1/1) D:6          Bailey (visited)
   Lair: D:8-11         Orc: D:9-12

Altars:
Ashenzari
Cheibriados
Dithmenos
Elyvilon
Fedhas
Gozag
Hepliaklqana
Kikubaaqudgha
Makhleb
Nemelex Xobeh
Okawaru
Qazlal
Ru
Sif Muna
Trog
Uskayaw
Vehumet
Wu Jian
Xom
Yredelemnul
Zin
The Shining One

Shops:
D:4 =   D:5 :   D:8 (

Annotations:
D:9 3 runed translucent doors, Amplified's ghost, novice MfBe


Innate Abilities, Weirdness & Mutations

Shadows flee at your approach. (+LOS)
You can swim through water.
You cover ground slowly.
You can hop short distances.


Message History

You kill the kobold!
Cheibriados thoroughly appreciates the change of pace.
Your wolf closely misses the kobold. x2; The kobold barely misses your wolf.
The kobold zaps a wand.
The bolt of acid hits your wolf!!
Your wolf is splashed with acid.
Your wolf dies!
Your wolf's corpse disappears in a puff of smoke!
The bolt of acid misses you. The kobold barely misses you.
The kobold zaps a wand.
The bolt of acid hits you!
You are splashed with acid!
The kobold hits you with a +0 dagger.
Things that are here:
a +0 dagger; a scroll of teleportation; a big kobold corpse The kobold hits you but does no damage.
The kobold zaps a wand.
The bolt of acid hits you!
You are splashed with acid!
* * * LOW HITPOINT WARNING * * *
The kobold misses you.
The kobold zaps a wand.
The bolt of acid hits you!!
* * * LOW HITPOINT WARNING * * *
You are splashed with acid!
You die...

..#########..... .#
............... ....# #
.............. ....#
............. ...# ............
... ...........# #.#
#..........).# #.####
###.........K..#########.....
..........K@)............... .
.....###############....... .
#...# #..#####
.#######...###############..#####
.........................))......
........).........[......[)......
.....................###########.
##...##############..# #. #...#
#..# #.


You could see 2 kobolds.

Vanquished Creatures
  An orc warlord (Bailey)
  An orc knight (Bailey)
  A queen bee (D:8)
  Grinder (D:6)
  Edmund (D:5)
  A water moccasin (D:8)
  2 orc warriors (Bailey)
  A slave (D:5)
  A hornet zombie (D:7)
  2 ice beasts
  A phantom (D:4)
  A black bear (D:8)
  2 ogres
  2 big kobolds
  2 bullfrogs
  3 scorpions
  9 killer bees (D:8)
  A wight (D:9)
  A howler monkey (D:5)
  2 crimson imps
  A centaur zombie (D:7)
  A jelly (D:7)
  A hound (D:9)
  A gnoll shaman (D:4)
  2 orc priests
  A centaur skeleton (D:8)
  5 orc wizards
  Ijyb (D:5)
  Natasha (thrice) (D:3)
  Terence (D:3)
  A worker ant (D:6)
  2 hound zombies (D:8)
  A worker ant zombie (D:8)
  Robin (D:4)
  10 gnolls
  11 adders
  6 shadow imps
  An ooze (D:1)
  An adder zombie (D:7)
  2 adder skeletons
  2 worms
  A dart slug (D:1)
  4 leopard geckos
  16 orcs
  A ball python (D:7)
  8 bats
  14 giant cockroaches
  7 hobgoblins
  10 jackals
  7 quokkas
  8 frilled lizards
  16 goblins
  21 kobolds
  A quokka zombie (D:4)
  5 rats
210 creatures vanquished.

Vanquished Creatures (collateral kills)
  Harold (D:9)
  Pikel (D:4)
  Sigmund (D:2)
  3 yaks (D:7)
  An ice beast (D:8)
  An orc warrior (Bailey)
  2 slaves (D:5)
  An eye of draining (D:8)
  A phantom (D:5)
  A necrophage (D:8)
  An ogre (D:7)
  A bullfrog (D:4)
  A scorpion (D:7)
  7 killer bees (D:8)
  4 wights (D:9)
  A crimson imp (D:7)
  A hound (D:5)
  2 orc priests
  2 orc wizards
  An iguana (D:4)
  2 worker ants
  5 adders
  4 gnolls
  2 shadow imps (D:3)
  2 adder skeletons (D:4)
  A dart slug (D:2)
  A leopard gecko (D:7)
  9 orcs
  4 hobgoblins
  A jackal (D:4)
  4 goblins
  4 kobolds
73 creatures vanquished.

Grand Total: 283 creatures vanquished

Notes
Turn   | Place    | Note
-------+----------+-------------------------------------------
     0 | D:1      | Lemonice the Barachi Summoner began the quest for the Orb.
     0 | D:1      | Reached XP level 1. HP: 13/13 MP: 3/3
   204 | D:1      | Reached skill level 5 in Summonings
   204 | D:1      | Reached XP level 2. HP: 2/20 MP: 5/5
   603 | D:1      | Reached skill level 1 in Fighting
   854 | D:1      | Reached XP level 3. HP: 26/26 MP: 6/6
  1189 | D:2      | Noticed Sigmund
  1349 | D:2      | Found an iron altar of Okawaru.
  1547 | D:2      | Reached skill level 1 in Armour
  1613 | D:2      | Reached XP level 4. HP: 31/32 MP: 8/8
  1705 | D:2      | Found a radiant altar of Vehumet.
  2034 | D:1      | Learned a level 2 spell: Call Imp
  2038 | D:1      | Learned a level 3 spell: Call Canine Familiar
  2092 | D:2      | Killed Sigmund
  2092 | D:2      | Reached XP level 5. HP: 28/39 MP: 4/9
  2391 | D:2      | Found a glowing silver altar of Zin.
  2627 | D:3      | Found a transporter.
  2627 | D:3      | Found a transporter.
  2638 | D:3      | Noticed Terence
  2647 | D:3      | Killed Terence
  2687 | D:3      | Reached XP level 6. HP: 43/46 MP: 10/10
  2882 | D:3      | Reached skill level 1 in Slings
  3057 | D:3      | Reached skill level 6 in Summonings
  3299 | D:3      | Noticed Natasha
  3304 | D:3      | Killed Natasha
  3445 | D:3      | Noticed Natasha
  3457 | D:3      | Killed Natasha
  3717 | D:3      | Found a sacrificial altar of Ru.
  3717 | D:3      | Found a faded altar of an unknown god.
  3717 | D:3      | Noticed Natasha
  3727 | D:3      | Killed Natasha
  3736 | D:3      | Found a faded altar of an unknown god.
  3741 | D:3      | Found a hide-covered altar of Uskayaw.
  3743 | D:3      | Found an ancient bone altar of Kikubaaqudgha.
  3962 | D:3      | Reached XP level 7. HP: 52/52 MP: 4/12
  4011 | D:3      | Learned a level 1 spell: Corona
  4042 | D:4      | Found a basalt altar of Yredelemnul.
  4051 | D:4      | Noticed Robin
  4097 | D:4      | Killed Robin
  4149 | D:4      | Reached skill level 1 in Hexes
  4150 | D:4      | Found Jeshakk's Jewellery Emporium.
  4177 | D:4      | Learned a level 4 spell: Summon Ice Beast
  4217 | D:4      | Got a sparkling lapis lazuli ring
  4363 | D:4      | Identified the ring "Wemmoh" {Dex+2 Stlth+} (You found it
                  | on level 4 of the Dungeon)
  4966 | D:4      | Reached skill level 1 in Ice Magic
  5336 | D:5      | Entered Level 5 of the Dungeon
  5450 | D:5      | Reached XP level 8. HP: 60/60 MP: 12/14
  5575 | D:5      | Found Ynennap's Book Boutique.
  5689 | D:5      | Noticed Ijyb
  5697 | D:5      | Killed Ijyb
  5785 | D:5      | Noticed Edmund
  5814 | D:5      | Killed Edmund
  5958 | D:5      | Noticed Pikel
  5969 | D:5      | Found a shattered altar of Ashenzari.
  6102 | D:4      | HP: 3/61 [Pikel/+0 whip of freezing (1)]
  6107 | D:4      | Killed Pikel
  6107 | D:4      | Reached skill level 5 in Dodging
  6685 | D:6      | Found an ornate altar of the Wu Jian Council.
  6738 | D:6      | Found a staircase to the Ecumenical Temple.
  6739 | D:6      | Noticed Grinder
  6741 | D:6      | Paralysed by Grinder for 5 turns
  6749 | D:6      | Paralysed by Grinder for 3 turns
  6757 | D:6      | Paralysed by Grinder for 2 turns
  6760 | D:6      | Killed Grinder
  6760 | D:6      | Reached skill level 7 in Summonings
  6777 | Temple   | Entered the Ecumenical Temple
  6786 | Temple   | Became a worshipper of Cheibriados the Contemplative
  6842 | D:6      | Learned a level 3 spell: Confuse
  7089 | D:6      | Found a stormy altar of Qazlal.
  7092 | D:6      | Noticed an air elemental
  7092 | D:6      | Noticed a water elemental
  7443 | D:7      | Reached skill level 5 in Fighting
  7443 | D:7      | Reached XP level 9. HP: 23/68 MP: 11/16
  7702 | D:7      | Reached skill level 5 in Spellcasting
  7706 | D:7      | Reached skill level 5 in Hexes
  7841 | D:7      | Reached * piety under Cheibriados
  8080 | D:7      | Found a white marble altar of Elyvilon.
  8983 | D:8      | Found Kocwun's Antique Weapon Boutique.
  9109 | D:8      | Reached skill level 1 in Maces & Flails
  9416 | D:8      | Reached ** piety under Cheibriados
  9584 | D:8      | Reached skill level 8 in Summonings
  9669 | D:8      | Reached XP level 10. HP: 30/76 MP: 10/18
  9856 | D:8      | Reached *** piety under Cheibriados
 10685 | D:8      | Reached skill level 1 in Invocations
 10823 | D:9      | Found a flagged portal.
 10833 | Bailey   | Entered a bailey
 10859 | Bailey   | Noticed an orc warlord
 10961 | Bailey   | Found a runed translucent gate.
 10961 | Bailey   | Found a runed translucent gate.
 10961 | Bailey   | Found a runed translucent gate.
 10969 | Bailey   | Noticed an orc knight
 11091 | Bailey   | Killed an orc knight
 11201 | Bailey   | Reached **** piety under Cheibriados
 11362 | Bailey   | Killed an orc warlord
 11436 | Bailey   | Learned a level 2 spell: Passwall
 11442 | Bailey   | Learned a level 5 spell: Lee's Rapid Deconstruction
 11560 | D:9      | Noticed Harold
 11707 | D:9      | Killed Harold
 11754 | D:9      | Found a runed translucent gate.
 11755 | D:9      | Found a runed translucent gate.
 11755 | D:9      | Noticed Amplified's ghost (novice MfBe)
 11756 | D:9      | Found a runed translucent gate.
 11875 | D:9      | Found a shimmering altar of Xom.
 11978 | D:9      | Reached ***** piety under Cheibriados
 11985 | D:9      | HP: 1/77 [kobold/bolt of acid (18)]
 11985 | D:9      | Splashed by a kobold's acid

Levels and vault maps discovered:
D:1:      sevenhm_arrival_forest_fort_small_4, layout_loops_ring,
          chequers_serial_rivers_small_b
D:2:      layout_rooms, vehumet_crystals, marbit_many_paths, first_ration,
          okawaru_metal_pillars_1_2, uniq_sigmund
D:3:      gammafunk_wand_slinger, layout_loops_ring,
          chequers_temple_overflow_minitemple, dk_noncrumbling_4,
          roderic_three_in_a_row, hex_tiny, uniq_natasha, uniq_terence
D:4:      layout_basic, old_standard_altar, serial_shops, shop, uniq_robin
D:5:      layout_cave_pools, ashenzari_conservatory_becter, serial_shops, shop,
          minivault_23, grunt_ministairs_6, uniq_ijyb, uniq_pikel, uniq_edmund
D:6:      layout_loops_ring, overflow_temple_1_default,
          nicolae_qazlal_style_of_elements, minmay_temple_entry_slanted,
          uniq_grinder
D:7:      layout_loops_ring, lemuel_crystal_altar
D:8:      layout_loops_ring, serial_shops, shop, david_nohive_1
D:9:      layout_long_grid, kennysheep_little_box, gammafunk_ghost_split,
          enter_bailey_8, minmay_liquid_box, hangedman_glass_teeth,
          kennysheep_generic_room_16, uniq_harold
Temple:   eino_temple_lava

Skill      XL: |  1  2  3  4  5  6  7  8  9 10 |
---------------+-------------------------------+-----
Summonings     | 5 6 7 8 |  8.4
Fighting       | 1 2 3 4 5 6 |  6.5
Armour         | 1 2 |  2.0
Dodging        | 3 4 5 6 |  6.5
Spellcasting   | 3 4 5 6 |  6.0
Slings         | 1 2 3 |  3.1
Hexes          | 2 4 6 7 |  7.1
Ice Magic      | 1 3 4 |  4.0
Maces & Flails | 2 |  2.0
Invocations    | 6 |  6.0
Earth Magic    | 3 |  3.8
Stealth        | |  1.7

Action                   |  1- 3 |  4- 6 |  7- 9 | 10-12 || total
-------------------------+-------+-------+-------+-------++-------
Melee: Dagger            |    26 |       |       |       ||    26
       Unarmed           |     6 |       |       |       ||     6
       Hunting sling     |     3 |       |       |       ||     3
       Club              |       |       |   222 |   106 ||   328
 Fire: Hunting sling     |    94 |   151 |   201 |   133 ||   579
Throw: Stone             |       |       |     1 |     3 ||     4
 Cast: Summon Small Mamm |     4 |       |     1 |       ||     5
       Call Canine Famil |       |     5 |    33 |     6 ||    44
       Call Imp          |       |     5 |     3 |       ||     8
       Corona            |       |       |    22 |    20 ||    42
       Summon Ice Beast  |       |       |    13 |     3 ||    16
       Confuse           |       |       |     7 |     9 ||    16
 Abil: Hop               |     1 |     2 |     6 |     2 ||    11
Evoke: Wand              |       |       |     1 |       ||     1
  Use: Potion            |     1 |     3 |     4 |     1 ||     9
       Scroll            |       |       |     9 |     1 ||    10
 Stab: Sleeping          |       |       |     6 |     3 ||     9
       Distracted        |       |       |     2 |     1 ||     3
       Confused          |       |       |     3 |     5 ||     8
  Eat: Chunk             |     3 |     4 |     6 |     4 ||    17
       Ration            |       |     1 |     5 |       ||     6
Armor: Robe              |     8 |    10 |    58 |    20 ||    96
       Leather armour    |    14 |     2 |       |       ||    16
Dodge: Dodged            |    50 |    41 |   346 |   177 ||   614
